 Dungeon Crawl Stone Soup version 0.29.1-1-gd02db6906a (webtiles) character file.

Game seed: 13073212960146362177

147 RogueRain17 the Insei (level 4, -2/51 HPs)
             Began as a Demigod Transmuter on Sept 27, 2022.
             Slain by a gnoll
             ... wielding a +0 halberd
              (4 damage)
             ... on level 3 of the Dungeon.
             The game lasted 00:04:55 (2218 turns).

RogueRain17 the Insei (Demigod Transmuter)          Turns: 2218, Time: 00:04:56

Health: -2/51      AC: 26    Str: 10 (11) XL:     4   Next: 80%
Magic:  9/9        EV:  2    Int: 20 (23) God:
Gold:   162        SH:  0    Dex: 12 (14) Spells: 5/6 levels left

rFire   . . .      SeeInvis +     - Unarmed
rCold   + . .      Faith    .   (no shield)
rNeg    + . .      Spirit   .   (body armour currently unavailable)
rPois   +          Reflect  .   (helmet currently unavailable)
rElec   .          Harm     .   (cloak currently unavailable)
rCorr   .          Rampage  .   (gloves currently unavailable)
Will    .....      NoTele   +   (boots currently unavailable)
Stlth   ..........              (no amulet)
HPRegen 0.17/turn               k - ring of Xetibah {rN+ AC+4 Int+4 SInv Stlth-}
MPRegen 0.11/turn               e - ring of protection from cold

@: tree-form (expiring)
A: stationary, stasis, torment immunity, boosted hp, high MP 1, forlorn, divine
attributes
a: no special abilities


You were on level 3 of the Dungeon.
You were a tree.
You visited 1 branch of the dungeon, and saw 3 of its levels.

You collected 162 gold pieces.

Inventory:

Armour
 a - a +0 robe (melded)
Jewellery
 e - a ring of protection from cold (right branch)
 k - the ring of Xetibah (left branch) {rN+ AC+4 Int+4 SInv Stlth-}
   (You found it on level 2 of the Dungeon)

   [ring of protection]

   AC:        It affects your AC (+4).
   Int:       It affects your intelligence (+4).
   rN:        It protects you from negative energy.
   SInv:      It lets you see invisible.
   Stlth:     It makes you less stealthy.
 l - an amulet of regeneration
 n - a ring of resist corrosion
Scrolls
 j - 2 scrolls of identify {unknown}
 m - a scroll of vulnerability {unknown}


   Skills:
 - Level 0.8 Fighting
 - Level 1.7 Dodging
 + Level 4.1 Unarmed Combat
 - Level 1.7 Spellcasting
 + Level 3.6 Transmutations


You had 5 spell levels left.
You knew the following spells:

 Your Spells              Type           Power      Damage    Failure   Level
a - Beastly Appendage     Tmut           32%        N/A       3%          1

Your spell library contained the following spells:

 Spells                   Type           Power      Damage    Failure   Level
 Wereblood                Tmut           16%        N/A       5%          2
 Spider Form              Tmut/Pois      9%         N/A       22%         3
 Inner Flame              Hex/Fire       1%         N/A       43%         3
 Ice Form                 Ice/Tmut       9%         N/A       58%         4
 Cause Fear               Hex            0%         N/A       85%         4
 Discord                  Hex            0%         N/A       100%        8


Dungeon Overview and Level Annotations

Branches:
Dungeon (3/15)


Innate Abilities, Weirdness & Mutations

You are a tree.
Your roots penetrate the ground, keeping you stationary.
You cannot be teleported.
You are immune to unholy pain and torment.
Your maximum health is greatly increased.
Your equipment is partially melded.
You have an increased reservoir of magic. (+10% MP)
You shall have no god before yourself.
Your divine heritage dramatically boosts your attributes as you level up.


Message History

The puff of flame hits you.
* * * LOW HITPOINT WARNING * * *
You hit the orc wizard.
The orc wizard is moderately wounded.
The gnoll hits you but does no damage.
The orc wizard hits you with a +0 dagger.
* * * LOW HITPOINT WARNING * * *
You hit the orc wizard.
The orc wizard is severely wounded.
The gnoll hits you but does no damage.
The orc wizard hits you but does no damage.
You smack the orc wizard!
You kill the orc wizard!
The gnoll hits you but does no damage. The gnoll hits you but does no damage.
The gnoll hits you from afar with a +0 halberd.
* * * LOW HITPOINT WARNING * * *
The gnoll hits you but does no damage. The gnoll hits you but does no damage.
The gnoll hits you but does no damage. The gnoll hits you but does no damage.
You aren't carrying any potions.
The gnoll hits you but does no damage.
As you read the scroll labelled LUPPOSK HICZU, it crumbles to dust.
You feel a strange sense of stasis.
It was a scroll of teleportation.
The gnoll hits you from afar with a +0 halberd!
* * * LOW HITPOINT WARNING * * *
As you read the scroll labelled ZIGEMYPUED, it crumbles to dust.
You feel a surge of unholy energy.
The gnoll convulses!
It was a scroll of torment.
Your transformation is almost over.
The gnoll hits you but does no damage.
As you read the scroll labelled GUIRUH KAGA, it crumbles to dust.
You feel aware of your surroundings.
It was a scroll of magic mapping.
The gnoll hits you but does no damage.
The air fills with toxic fumes!
As you read the scroll labelled SEDUHA ZAINIU, it crumbles to dust.
It was a scroll of poison.
The gnoll hits you from afar with a +0 halberd.
You die...

***,* *,***,* ***,*,*** * *,*
*,,,,,* *,,,*,,,* ***,* ***,***
*,###**,* ,,,,* *,* *,..#,,,*
*,****** *,******..#,***
*,,,,,,****,,,,,,,S.,,*********
,,,,**,**,,,,,,,,,.#***,,>,,,,*
,,,>**,**,########g#,,,,,,***,***
,,,,,*,**,#§§§§§♣§§#,**,*,***,**,
,,,,*,,**,#§########,**,,,,**,**,
,,,,*,,,,,#.# *,**,*,,,,,,,,
*,***,****#.# *,**,.,,,,,**,
*,,,,** #.# ###..,,.,******,
*,**** ##.## #...##.##* *, ,,,,*
#...# #.#..,..,# ** ***,*
#...#####...*#.#.##** ,**,*
#..........#*....),,****


You could see a gnoll.

Vanquished Creatures
  An orc priest (D:3)
  An orc wizard (D:3)
  3 adders
  3 worms (D:2)
  A dart slug (D:2)
  3 orcs (D:3)
  3 endoplasms
  2 goblins (D:1)
  6 hobgoblins
  5 jackals (D:2)
  A kobold (D:2)
  3 quokkas (D:2)
  7 ball pythons
  6 bats
  3 frilled lizards
  4 rats
52 creatures vanquished.

Notes
Turn   | Place    | Note
-------+----------+-------------------------------------------
     0 | D:1      | RogueRain17 the Demigod Transmuter began the quest for the
                  | Orb.
     0 | D:1      | Reached XP level 1. HP: 15/15 MP: 5/5
   303 | D:1      | Reached skill level 3 in Unarmed Combat
   540 | D:1      | Reached XP level 2. HP: 21/22 MP: 5/7
  1064 | D:2      | Reached XP level 3. HP: 18/27 MP: 6/8
  1411 | D:2      | Identified the ring of Xetibah {rN+ AC+4 Int+4 SInv Stlth-}
  1953 | D:3      | Reached XP level 4. HP: 13/34 MP: 7/9
  1959 | D:3      | Reached skill level 4 in Unarmed Combat
  2215 | D:3      | HP: 2/51 [gnoll/+0 halberd (7)]
  2218 | D:3      | Slain by a gnoll

Illustrated notes

Levels and vault maps discovered:
D:1:      minmay_arrival_semitransparent, layout_rooms
D:2:      layout_basic, ebering_ecumenical_altar_petrified, minmay_vboxes
D:3:      layout_loops_cross

Skill      XL: |  1  2  3  4 |
---------------+-------------+-----
Transmutations | 2 3 |  3.6
Unarmed Combat | 3 4 |  4.1
Fighting       | |  0.8
Dodging        | |  1.7
Spellcasting   | |  1.7

Action                   |  1- 3 |  4- 6 || total
-------------------------+-------+-------++-------
Melee: Unarmed           |   122 |    18 ||   140
       Kick              |    26 |     4 ||    30
       Headbutt          |    15 |     3 ||    18
       Punch             |       |     1 ||     1
 Cast: Beastly Appendage |    39 |     1 ||    40
  Use: Scroll            |       |     4 ||     4
       Potion            |       |     3 ||     3
 Stab: Sleeping          |     1 |       ||     1
Armor: Robe              |    31 |     6 ||    37
       Skin              |       |    20 ||    20
Dodge: Dodged            |    83 |    13 ||    96
